 Dungeon Crawl Stone Soup version 0.20.0-15-g7f486f2 (webtiles) character file.

23670 grindst0ne the Cleaver (level 13, -15/85 HPs)
             Began as a Gargoyle Berserker on June 9, 2017.
             Was an Elder of Trog.
             Killed from afar by a frost giant (22 damage)
             ... with a bolt of cold
             ... in an ice cave.
             The game lasted 00:32:56 (15000 turns).

grindst0ne the Cleaver (Gargoyle Berserker)        Turns: 15000, Time: 00:32:57

Health: -15/85     AC: 25    Str: 25    XL:     13   Next: 8%
Magic:  16/16      EV:  9    Int:  9    God:    Trog [****..]
Gold:   375        SH:  0    Dex: 13    Spells: 12/12 levels left

rFire    . . .     SeeInvis .   e - +0 war axe
rCold    . . .     Gourm    .   (no shield)
rNeg     + . .     Faith    .   r - +0 chain mail
rPois    ∞         Spirit   .   (no helmet)
rElec    +         Reflect  .   s - +0 cloak
rCorr    .         Harm     +   G - +0 pair of gloves
MR       .....                  (no boots)
Stlth    ..........             m - amulet of harm
Regen    0.3/turn               K - +1 ring of protection
MPRegen  0.2/turn               l - +4 ring of strength

@: berserk cooldown, slowed, very slow
A: negative energy resistance 1, electricity resistance, unbreathing,
petrification resistance, rot immunity, AC +9
a: Berserk, Trog's Hand, Brothers in Arms, Burn Spellbooks, Renounce Religion


You were in an ice cave.
You worshipped Trog.
Trog was greatly pleased with you.
You were very hungry.

You visited 2 branches of the dungeon, and saw 13 of its levels.
You also visited: Ice Cave.

You collected 616 gold pieces.
You spent 241 gold pieces at shops.

Inventory:

Hand Weapons
 e - a +0 war axe (weapon)
 M - a +0 hand axe of flaming
Armour
 r - a +0 chain mail (worn)
 s - a +0 cloak (worn)
 G - a +0 pair of gloves (worn)
Jewellery
 k - an uncursed ring of positive energy
 l - a +4 ring of strength (right hand)
 m - an amulet of harm (around neck)
 K - a +1 ring of protection (left hand)
Wands
 a - a wand of confusion (30/48)
 i - a wand of paralysis (15/24)
 u - a wand of lightning (5/15)
 v - a wand of scattershot (0/9)
 w - a wand of flame (25/48)
 B - a wand of disintegration (16/24)
 J - a wand of confusion (33/48)
 N - a wand of polymorph (7/24)
 Q - a wand of flame (24/48)
 W - a wand of disintegration (10/24)
 Y - a wand of acid (1/15)
Scrolls
 d - a scroll of holy word
 g - 2 scrolls of magic mapping
 p - 2 scrolls of recharging
 t - 2 scrolls of fog
 y - 3 scrolls of enchant weapon
 F - 4 scrolls of teleportation
 I - a scroll of enchant armour {unknown}
 R - 3 scrolls of remove curse
 S - a scroll of immolation {unknown}
 T - a scroll of blinking {unknown}
 V - 2 scrolls of fear {unknown}
Potions
 b - a potion of heal wounds
 j - 3 potions of mutation
 n - 4 potions of haste
 o - 4 potions of curing
 A - a potion of ambrosia {unknown}
 D - 3 potions of flight
 E - a potion of brilliance {unknown}
 L - a potion of agility {unknown}
 O - 2 potions of might {unknown}
Miscellaneous
 U - a sack of spiders
Comestibles
 c - 4 bread rations
 h - 7 meat rations
 q - 8 royal jellies
 z - 11 fruits


   Skills:
 + Level 11.6 Fighting
 + Level 13.1 Axes
 + Level 12.2 Armour
 - Level 1.5 Dodging
 - Level 5.1 Evocations


You had 12 spell levels left.
You didn't know any spells.

Dungeon Overview and Level Annotations

Branches:
Dungeon (12/15)            Temple (0/1) D:7            Lair (1/6) D:10
    Orc (0/2) D:10

Altars:
Ashenzari
Elyvilon
Fedhas
Hepliaklqana
Kikubaaqudgha
Okawaru
Qazlal
Trog
Vehumet
Zin

Shops:
D:7 ?   D:8 [

Annotations:
D:5 1 transporter
D:12 exclusion: obsidian statue
Lair:1 exclusion: oklob plant


Innate Abilities, Weirdness & Mutations

You are resistant to torment.
Your stone body is resilient. (AC +9)
You are immune to poison.
You resist negative energy. (rN+)
You are resistant to electric shocks. (rElec)
You can survive without breathing.
You are immune to petrification.
You are immune to rotting.


Message History

The polar bear closely misses you.
Evoke which item? (* to show all) (? for menu, Esc to quit)
This wand has no charges.
Evoke which item? (* to show all) (? for menu, Esc to quit)
Aiming: Disintegrate (will waste charges)
Press: ? - help, Shift-Dir - straight line, f/p - frost giant
Aim: a frost giant, wielding a battleaxe of freezing (almost dead, chance to defeat MR: 34%)
The frost giant easily resists.
Evoking this partially-identified wand wasted a few charges.
The polar bear bites you but does no damage.
The polar bear claws you but does no damage. x2
The frost giant gestures at you while chanting.
The bolt of cold hits you!
* * * LOW HITPOINT WARNING * * *
The polar bear bites you but does no damage.
The polar bear barely misses you.
The polar bear claws you but does no damage.
The frost giant casts a spell at you. The bolt of cold hits you!
You die...

######## ##### ##..÷...####
####†..#
####....#.....####Y...#.^h#
#....#######....#hYY####Y.C...
..#### ###..@C###


YY.... ### ###### .h... # .Y..# ..## ..# ## .### ...## You could see a frost
giant, a polar bear and 3 yaks.

Vanquished Creatures
  4 two-headed ogres
  3 unseen horrors
  Pikel (D:6)
  2 ugly things (D:11)
  A cyclops (D:11)
  An elephant (D:10)
  3 ice statues
  2 gargoyles (D:11)
  An efreet (D:9)
  A kobold demonologist (D:9)
  9 polar bears (IceCv)
  Prince Ribbit (D:6)
  4 hippogriffs
  23 yaks
  2 wyverns
  Sigmund (D:6)
  Eustachio (D:6)
  A hog (D:7)
  A human (D:7)
  3 basilisks
  A hungry ghost (D:7)
  Grum (D:8)
  Menkaure (D:6)
  A steam dragon (D:11)
  2 water moccasins
  Duvessa (D:4)
  3 orc warriors
  A porcupine (Lair:1)
  3 sky beasts
  11 ice beasts
  A slave (D:6)
  4 ogres
  A necrophage (D:9)
  6 centaurs
  15 wolves
  A crocodile (D:12)
  3 big kobolds
  5 bullfrogs
  Blork the orc (D:6)
  Dowan (D:4)
  3 scorpions
  A wyvern skeleton (D:9)
  5 killer bees (D:9)
  5 wights (D:3)
  A bullfrog zombie (D:5)
  2 howler monkeys
  5 crimson imps
  A centaur zombie (D:9)
  2 jellies
  4 orc priests
  6 orc wizards
  Crazy Yiuf (D:2)
  2 centaur skeletons
  3 hounds
  4 bullfrog skeletons
  Jessica (D:3)
  Terence (D:2)
  4 iguanas
  10 worker ants
  A hound skeleton (D:4)
  4 gnolls (D:4)
  14 adders
  A shadow imp (D:10)
  An ooze (D:1)
  A worm (D:2)
  2 dart slugs
  5 leopard geckos
  27 orcs
  2 ball pythons
  9 bats
  5 giant cockroaches
  8 goblins
  7 hobgoblins
  15 jackals
  21 kobolds
  3 quokkas
  7 frilled lizards
  A giant cockroach zombie (D:6)
  A quokka zombie (D:8)
  5 rats
329 creatures vanquished.

Vanquished Creatures (collateral kills)
  An obsidian statue (D:10)
  An ice statue (IceCv)
  A troll (D:10)
3 creatures vanquished.

Vanquished Creatures (others)
  A slave (D:6)
  A bullfrog (D:6)
  A quasit (D:9)
  A hound (D:6)
  A centaur skeleton (D:6)
  A shadow imp (D:6)
  2 orcs (D:6)
  A plant (Lair:1)
9 creatures vanquished.

Grand Total: 341 creatures vanquished

Notes
Turn   | Place    | Note
-------+----------+-------------------------------------------
     0 | D:1      | grindst0ne the Gargoyle Berserker began the quest for the Orb.
     0 | D:1      | Reached XP level 1. HP: 14/14 MP: 1/1
    57 | D:1      | Reached XP level 2. HP: 8/19 MP: 2/2
   287 | D:1      | Reached skill level 3 in Axes
   578 | D:1      | Reached XP level 3. HP: 24/24 MP: 3/3
  1061 | D:2      | Reached ** piety under Trog
  1069 | D:2      | HP: 1/36 [leopard gecko (2)]
  1604 | D:2      | Found a faded altar of an unknown god.
  1703 | D:2      | Reached XP level 4. HP: 30/30 MP: 4/4
  1923 | D:2      | Noticed Terence
  1938 | D:2      | Killed Terence
  1938 | D:2      | Reached skill level 4 in Axes
  2028 | D:2      | Found a runed door.
  2032 | D:2      | Noticed Crazy Yiuf
  2037 | D:2      | Killed Crazy Yiuf
  2037 | D:2      | Reached XP level 5. HP: 34/34 MP: 5/5
  2142 | D:3      | Found a white marble altar of Elyvilon.
  2152 | D:3      | Reached skill level 5 in Fighting
  2170 | D:3      | Reached XP level 6. HP: 25/40 MP: 6/6
  2194 | D:3      | Reached skill level 5 in Axes
  2695 | D:3      | Found a radiant altar of Vehumet.
  2779 | D:3      | Found a shattered altar of Ashenzari.
  2808 | D:3      | Noticed Jessica
  2817 | D:3      | Killed Jessica
  3225 | D:4      | Reached *** piety under Trog
  3256 | D:4      | Reached XP level 7. HP: 46/46 MP: 7/7
  3846 | D:4      | Noticed Duvessa
  3847 | D:4      | Noticed Dowan
  3856 | D:4      | Killed Duvessa
  3883 | D:4      | Killed Dowan
  3883 | D:4      | Reached skill level 6 in Axes
  3977 | D:5      | Entered Level 5 of the Dungeon
  4044 | D:5      | Noticed a two-headed ogre
  4045 | D:5      | Found an iron altar of Okawaru.
  4051 | D:5      | Killed a two-headed ogre
  4051 | D:5      | Reached skill level 7 in Axes
  4051 | D:5      | Reached XP level 8. HP: 30/56 MP: 8/8
  4353 | D:5      | Found a transporter.
  4767 | D:6      | Reached skill level 1 in Evocations
  4816 | D:6      | Reached XP level 9. HP: 60/60 MP: 10/10
  4840 | D:6      | Noticed Menkaure
  4843 | D:6      | Noticed Eustachio
  4847 | D:6      | Killed Menkaure
  4853 | D:6      | Killed Eustachio
  4853 | D:6      | Reached skill level 8 in Axes
  4899 | D:6      | Found a hazy altar of Hepliaklqana.
  5019 | D:6      | Found a bloodstained altar of Trog.
  5019 | D:6      | Noticed Sigmund
  5034 | D:6      | Killed Sigmund
  5195 | D:6      | Received a gift from Trog
  5261 | D:6      | Noticed Prince Ribbit
  5303 | D:6      | Noticed Pikel
  5328 | D:6      | Killed Pikel
  5486 | D:6      | Reached skill level 9 in Axes
  5487 | D:6      | Reached **** piety under Trog
  5683 | D:6      | Killed Prince Ribbit
  5683 | D:6      | Reached skill level 5 in Evocations
  5842 | D:6      | Found a blossoming altar of Fedhas.
  5842 | D:6      | Noticed Blork the orc
  5849 | D:6      | Killed Blork the orc
  6100 | D:7      | Found a staircase to the Ecumenical Temple.
  6184 | D:7      | Found Sitint's Magic Scroll Boutique.
  6187 | D:7      | Bought a scroll of identify for 22 gold pieces
  6187 | D:7      | Bought a scroll of enchant weapon for 82 gold pieces
  6187 | D:7      | Bought a scroll of enchant weapon for 82 gold pieces
  6187 | D:7      | Bought a scroll of teleportation for 33 gold pieces
  6187 | D:7      | Bought a scroll of fog for 22 gold pieces
  6259 | D:7      | Reached XP level 10. HP: 66/66 MP: 13/13
  6447 | D:7      | Reached skill level 5 in Armour
  6878 | D:8      | Noticed Grum
  6885 | D:7      | Reached skill level 10 in Axes
  6953 | D:8      | Killed Grum
  7108 | D:8      | Received a gift from Trog
  7234 | D:8      | Found Plog's Armour Boutique.
  7380 | D:8      | Found a glowing silver altar of Zin.
  7532 | D:9      | Found an ancient bone altar of Kikubaaqudgha.
  7532 | D:9      | Found a stormy altar of Qazlal.
  7739 | D:9      | Noticed a two-headed ogre
  7748 | D:9      | Killed a two-headed ogre
  7748 | D:9      | Reached skill level 11 in Axes
  7748 | D:9      | Reached XP level 11. HP: 23/71 MP: 14/14
  8100 | D:9      | Received a gift from Trog
  8562 | D:9      | Got a jewelled falchion
  8573 | D:9      | Identified the +2 falchion of Resourcefulness {slice, Int+5 Dex+4} (You found it on level 9 of the Dungeon)
  9055 | D:10     | Entered Level 10 of the Dungeon
  9055 | D:10     | Noticed a two-headed ogre
  9059 | D:10     | Killed a two-headed ogre
  9062 | D:10     | Reached ***** piety under Trog
  9643 | D:10     | Killed an unseen horror
  9786 | D:10     | Found a staircase to the Lair.
  9798 | D:10     | Reached skill level 10 in Armour
  9805 | D:10     | Reached skill level 12 in Axes
  9852 | D:9      | Killed an unseen horror
  9947 | D:10     | Reached XP level 12. HP: 37/77 MP: 15/15
 10048 | D:10     | Noticed a two-headed ogre
 10055 | D:10     | Killed a two-headed ogre
 10281 | D:10     | HP: 1/77 [ice beast[an ice statue] (8)]
 10606 | D:10     | Noticed a sun demon
 10623 | D:10     | Reached skill level 10 in Fighting
 10641 | D:10     | Found a staircase to the Orcish Mines.
 12613 | Lair:1   | Entered Level 1 of the Lair of Beasts
 12691 | Lair:1   | Found a frozen archway.
 12815 | IceCv    | Entered an ice cave
 14269 | IceCv    | Reached skill level 13 in Axes
 14716 | IceCv    | Reached XP level 13. HP: 53/84 MP: 16/16
 14969 | IceCv    | Noticed a frost giant
 15000 | IceCv    | Killed from afar by a frost giant

Skill      XL: |  1  2  3  4  5  6  7  8  9 10 11 12 |
---------------+-------------------------------------+-----
Axes           | 3 4 5 7 9 11 12 13 | 13.1
Fighting       | 4 5 6 8 9 11 | 11.6
Evocations     | 1 5 |  5.1
Armour         | 3 8 10 12 | 12.2
Dodging        | |  1.5

Action                   |  1- 3 |  4- 6 |  7- 9 | 10-12 | 13-15 || total
-------------------------+-------+-------+-------+-------+-------++-------
Melee: Hand axe          |   127 |    89 |       |       |       ||   216
       War axe           |       |    30 |   239 |   711 |    21 ||  1001
Invok: Berserk           |     1 |     4 |    11 |    18 |     2 ||    36
       Burn Spellbooks   |       |       |     2 |       |       ||     2
       Trog's Hand       |       |       |       |     4 |       ||     4
       Brothers in Arms  |       |       |       |     4 |       ||     4
Evoke: Wand              |       |       |       |     7 |     5 ||    12
       Sack of spiders   |       |       |       |       |     1 ||     1
  Use: Scroll            |       |     3 |     7 |     6 |       ||    16
       Potion            |       |       |     2 |    11 |       ||    13
 Stab: Distracted        |       |       |     1 |       |       ||     1
  Eat: Chunk             |     3 |     8 |    18 |    31 |     1 ||    61
       Bread ration      |       |       |     1 |     4 |       ||     5
Armor: Animal skin       |    13 |       |       |       |       ||    13
       Ring mail         |    66 |     8 |       |       |       ||    74
       Chain mail        |       |    45 |   181 |   753 |    65 ||  1044
       Skin              |       |       |    10 |    46 |       ||    56
Dodge: Dodged            |   125 |    51 |   102 |   382 |    30 ||   690
